 Dungeon Crawl Stone Soup version 0.15.2 (webtiles) character file.

101980 4tharraofdagon the Imperceptible (level 15, -1/105 (108) HPs)
             Began as a Vampire Hunter on Dec 29, 2014.
             Was the Champion of Ashenzari.
             Slain by a spriggan air mage (9 damage)
             ... led by a spriggan berserker
             ... on Level 2 of the Depths on Dec 30, 2014.
             The game lasted 03:18:50 (19344 turns).

4tharraofdagon the Imperceptible (Vampire Hunter)  Turns: 19344, Time: 03:18:50

HP  -1/105 (108) AC 20     Str 11      XL: 15   Next: 84%
MP  22/29        EV 21     Int 14      God: Ashenzari [******]
Gold 967         SH  8     Dex 18      Spells:  6 memorised,  2 levels left

rFire  . . .     SeeInvis +     N - +7 cutlass of Ghuimod {freeze, rPois}
rCold  . . .     Clarity  +     R - +3 leather armour of Hiecym {rN+ Stlth++}
rNeg   + . .     rCorr    .     T - +2 buckler {AC+3} (curse)
rPois  +         rRot     .     m - +4 helmet of Gallantry {+Inv}
rElec  .         Spirit   .     Z - +2 cloak (curse)
SustAb .         Warding  .     e - +0 pair of gloves
rMut   +         Stasis   .     l - +1 pair of boots {+Jump} (curse)
Gourm  .                        s - amulet of resist mutation
MR     +....                    O - ring of regeneration
                                r - cursed ring of wizardry

@: about to teleport, controlling teleports, very slightly contaminated,
regenerating very quickly, somewhat resistant to hostile enchantments, uncannily
stealthy
A: bottle blood, fangs 3, see invisible, berserk 1, clarity, unbreathing
a: Bottle Blood, Scrying, Transfer Knowledge, Renounce Religion, Evoke
Invisibility, Evoke Jump Attack


You were on level 2 of the Depths.
You worshipped Ashenzari.
Ashenzari was exalted by your worship.
You were almost alive.

You visited 5 branches of the dungeon, and saw 32 of its levels.
You also visited: Ossuary and Bailey.

You collected 2974 gold pieces.
You spent 2007 gold pieces at shops.

Inventory:

Hand weapons
 u - a +2 scimitar of flaming
 K - a +0 blowgun
 N - the cursed +7 cutlass of Ghuimod (weapon) {freeze, rPois}
   (You bought it in a shop on level 4 of the Orcish Mines)

   It has been specially enchanted to freeze those struck by it, causing extra
   injury to most foes and up to double damage against particularly susceptible
   opponents.
   It can also slow down cold-blooded creatures.
   It protects you from poison.
   It has a curse placed upon it.
 P - a +0 vampiric dagger
Missiles
 o - 7 needles of sleeping
 L - 3 curare-tipped needles
Armour
 e - a +0 pair of gloves (worn)
 l - a cursed +1 pair of boots of jumping (worn)
 m - the cursed +4 helmet of Gallantry (worn) {+Inv}
   (You bought it in a shop on level 14 of the Dungeon)

   It lets you turn invisible.
   It has a curse placed upon it.
 p - a +0 buckler of positive energy
 R - the cursed +3 leather armour of Hiecym (worn) {rN+ Stlth++}
   (You bought it in a shop on level 6 of the Dungeon)

   It protects you from negative energy.
   It makes you much more stealthy.
   It has a curse placed upon it.
 T - a cursed +2 buckler of protection (worn)
 Z - a cursed +2 cloak (worn)
Magical devices
 d - a wand of confusion (4)
 f - a wand of teleportation (6)
 j - a wand of disintegration (14)
 t - a wand of confusion (13)
 G - a wand of fire (2)
 M - a wand of digging (16)
 V - a wand of cold (2)
Scrolls
 g - 4 scrolls of fog
 h - 7 scrolls of remove curse
 k - 3 scrolls of magic mapping
 q - 4 scrolls of identify
 w - 2 scrolls of curse weapon
 F - 2 scrolls of recharging
 J - a scroll of silence
 Y - 2 scrolls of curse jewellery
Jewellery
 a - an uncursed ring of fire
 i - an uncursed ring of wizardry
 r - a cursed ring of wizardry (left hand)
 s - an amulet of resist mutation (around neck)
 H - an uncursed ring of teleportation
 O - a ring of regeneration (right hand)
 Q - an uncursed ring of ice
Potions
 b - 3 potions of flight
 n - 4 potions of might
 y - 2 potions of magic
 A - 2 potions of curing
 B - a potion of haste
 D - a potion of cure mutation
 E - a potion of lignification
 S - 3 potions of agility
 U - a potion of blood
 W - 4 potions of restore abilities
 X - 2 potions of brilliance
Books
 c - a book of the Warp

   Spells                             Type                      Level
   *Control Teleport                  Charms/Translocation         4
   *Phase Shift                       Translocation                5
   Warp Weapon                        Charms/Translocation         5
   Dispersal                          Translocation                6
   *Controlled Blink                  Translocation                7
   Disjunction                        Translocation                8
 v - a book of Necromancy

   Spells                             Type                      Level
   Pain                               Necromancy                   1
   Animate Skeleton                   Necromancy                   1
   Vampiric Draining                  Necromancy                   3
   Regeneration                       Charms/Necromancy            3
   Animate Dead                       Necromancy                   4
   Control Undead                     Necromancy                   4
 I - a book of Dreams

   Spells                             Type                      Level
   *Ensorcelled Hibernation           Hexes/Ice                    2
   Flight                             Charms/Air                   3
   *Phase Shift                       Translocation                5
   Shadow Creatures                   Summoning                    5
   Mass Confusion                     Hexes                        6
   Darkness                           Hexes                        7
Miscellaneous
 x - a fan of gales


   Skills:
 - Level 7.0 Fighting
 - Level 14.2(18.2) Short Blades
   Level 3.3 Crossbows
 - Level 1.0 Armour
 - Level 10.2(13.0) Dodging
 * Level 22.1(24.2) Stealth
 - Level 4.1(6.9) Shields
 - Level 7.0 Spellcasting
 - Level 9.2 Hexes
 - Level 8.5 Translocations
 - Level 7.0 Evocations


You had 2 spell levels left.
You knew the following spells:

 Your Spells              Type           Power        Failure   Level  Hunger
a - Controlled Blink      Tloc           N/A          98%         7    #######
b - Phase Shift           Tloc           ####......   6%          5    #####..
c - Control Teleport      Chrm/Tloc      ###.......   10%         4    ####...
d - Ensorcelled Hibernat  Hex/Ice        ###...       1%          2    None
e - Swiftness             Chrm/Air       #.......     10%         2    None
f - Invisibility          Hex            ####....     22%         6    #######


Dungeon Overview and Level Annotations

Branches:
Dungeon (15/15)            Temple (1/1) D:5             Orc (4/4) D:11
    Elf (0/3) Orc:4          Lair (8/8) D:9           Swamp (0/5) Lair:3
  Snake (0/5) Lair:5        Slime (0/6) Lair:8       Vaults (0/5) D:14
 Depths (4/5) D:15

Altars:
Ashenzari
Cheibriados
Dithmenos
Elyvilon
Fedhas
Kikubaaqudgha
Makhleb
Nemelex Xobeh
Okawaru
Qazlal
Sif Muna
Trog
Vehumet
Xom
Yredelemnul
Zin
The Shining One

Shops:
D:6 [   D:13 [   D:14 [   Orc:2 %*[?   Orc:4 (%!(   Depths:1 *

Portals:
Hell: Depths:1 Depths:3
Abyss: Depths:1 Depths:4
Ziggurat: Depths:1
Trove: D:15 (show slimy rune of Zot)

Annotations:
D:4 Tarquin's ghost, average TrFi
D:13 Urug
Lair:6 exclusion: feature mimic


Innate Abilities, Weirdness & Mutations

Your natural rate of healing is extremely fast.
You can bottle blood from corpses.
You have razor-sharp teeth.
You have supernaturally acute eyesight.
You can survive without breathing.
You tend to lose your temper in combat.
You possess an exceptional clarity of mind.


Message History

The air twists around and strikes you!
Unknown command.
The stone giant throws a large rock.
The large rock hits you!!
* * * LOW HITPOINT WARNING * * *
The spriggan air mage gestures wildly while chanting.
The winds start to flow at the spriggan air mage's will.
You see here a large rock.
Unknown command.
Unknown command.
Drink which item? (? for menu, Esc to quit)
Okay, then.
Casting: Phase Shift
Confirm with . or Enter, or press ? or * to list all spells.
Okay, then.
Casting: Phase Shift
Confirm with . or Enter, or press ? or * to list all spells.
You feel in control.
You feel your translocation being delayed.
The spriggan air mage hits you!
You die...

* , ,, ,, * , ,,,, **,
,,, *, , # ,** * ,, **
, , ,,* .. **, , *
.,,** ,* .... , ,, ,
..#########..... ,*, ,
,
**...................,,
,,, , ,
........i....§...... ,,
, ,
,##.....).........!....
,,, ,
.#......i....i@.......#
, , ,
......................#
, ,,, ,,
#..ei.e....C.§§..... ,,
,, ,, ,,,
*#..§§...§.).§...... ,,
, , ,,
*##.§§>§..§.§.§......
,, ,,, *
#..≈§#§§.§.........,
,,, , *
#.≈..#............ ,,
,, , *
*#.≈..##.e..?..... , ,,
,*.....###......... ,,*
, ,, ,,,


You could see a stone giant, a spriggan berserker, a deep elf knight
(wandering), 2 spriggan air magi and a deep elf priest.

Vanquished Creatures
  Donald (Orc:3)
  An emperor scorpion (Depths:1)
  4 very ugly things (Depths:1)
  2 stone giants
  An ettin (Depths:4)
  A vault guard (D:15)
  A minotaur (Depths:3)
  2 fire dragons
  4 ice dragons
  4 hydras
  3 centaur warriors
  Erica (D:13)
  4 tengu warriors
  4 ogre magi
  17 death yaks
  An orc high priest (Orc:4)
  A catoblepas (Depths:1)
  A deep elf knight (Orc:4)
  An iron troll (Depths:4)
  4 unseen horrors
  9 hill giants
  3 deep trolls
  Pikel (D:7)
  A griffon (D:15)
  6 ugly things
  A deep elf conjurer (D:15)
  3 orc knights
  3 orc sorcerers
  4 cyclopes
  4 manticores
  Maurice (Orc:2)
  5 elephants (Lair:7)
  A black mamba (Lair:1)
  4 yaktaurs
  20 spiny frogs
  4 fire drakes
  A naga mage (D:15)
  7 komodo dragons
  A kobold demonologist (D:13)
  7 trolls (Orc:4)
  14 blink frogs
  2 polar bears
  Prince Ribbit (Lair:2)
  11 two-headed ogres
  A snapping turtle (Lair:6)
  7 slime creatures
  8 ravens
  A basilisk (Lair:4)
  18 yaks
  A vampire (D:14)
  A shadow (D:12)
  3 wyverns
  4 deep elf magi
  7 spriggans
  A deep elf fighter (D:15)
  5 vampire mosquitoes
  6 hippogriffs
  7 wolves
  3 hungry ghosts
  9 water moccasins
  A warg (Orc:1)
  3 soldier ants
  A naga (Lair:5)
  A yellow wasp (Depths:4)
  A human skeleton (D:14)
  5 ice beasts
  23 orc warriors
  2 phantoms
  A black bear (D:10)
  5 porcupines
  An elf zombie (D:15)
  A spider (D:8)
  A necrophage (D:10)
  3 slaves (D:7)
  A sky beast (D:11)
  3 boggarts (Depths:3)
  29 ogres
  11 crocodiles
  2 big kobolds (D:13)
  12 centaurs
  25 giant frogs
  Blork the orc (D:9)
  5 scorpions
  12 killer bees
  A troll zombie (Ossuary)
  13 wights
  4 electric eels (Lair:8)
  2 goliath beetles
  7 crimson imps
  3 centaur zombies (Ossuary)
  10 jellies (Lair:8)
  A two-headed ogre zombie (D:15)
  18 orc priests
  A human zombie (Ossuary)
  A giant frog zombie (D:8)
  4 hounds
  An iron imp (Depths:3)
  19 orc wizards
  11 iguanas
  Natasha (thrice) (D:6)
  A basilisk skeleton (D:11)
  6 worker ants
  27 sheep
  3 ogre zombies
  4 mummies
  76 green rats
  6 gnolls
  3 giant mites
  17 adders
  A shadow imp (D:14)
  A white imp (D:5)
  2 worms (D:5)
  An orc zombie (D:8)
  7 adder zombies (Ossuary)
  An iguana skeleton (D:9)
  3 oozes (Lair:8)
  145 orcs
  2 giant cockroaches
  14 goblins
  11 hobgoblins
  2 jackals (D:3)
  7 quokkas
  9 bats
  5 goblin zombies
  5 hobgoblin zombies (Ossuary)
  33 kobolds
  A kobold skeleton (D:7)
  4 kobold zombies
  2 quokka zombies (Ossuary)
  8 rats
  2 rat skeletons
  3 rat zombies (Ossuary)
  3 ballistomycetes
  A butterfly (D:5)
919 creatures vanquished.

Vanquished Creatures (others)
  3 two-headed ogres (Depths:2)
  An ogre (Depths:2)
  A centaur (D:7)
  2 giant spores
  2 fungi (Lair:5)
  A plant (Lair:8)
10 creatures vanquished.

Grand Total: 929 creatures vanquished

Notes
Turn   | Place    | Note
--------------------------------------------------------------
     0 | D:1      | 4tharraofdagon, the Vampire Hunter, began the quest for the Orb.
     0 | D:1      | Reached XP level 1. HP: 14/14 MP: 1/1
    14 | D:1      | Reached skill level 1 in Fighting
   271 | D:3      | Reached skill level 1 in Short Blades
   271 | D:3      | Reached XP level 2. HP: 21/21 MP: 2/2
   548 | D:4      | Noticed a phantom
   572 | D:4      | Noticed Tarquin's ghost (average TrFi)
   786 | D:4      | Reached XP level 3. HP: 26/26 MP: 3/3
   830 | D:5      | Entered Level 5 of the Dungeon
   845 | D:5      | Noticed an ogre
   873 | D:5      | Killed an ogre
   873 | D:5      | Reached skill level 5 in Stealth
   873 | D:5      | Reached XP level 4. HP: 32/32 MP: 4/4
   940 | D:4      | Noticed a phantom
  1044 | D:4      | Reached XP level 5. HP: 17/37 MP: 5/5
  1146 | D:5      | Found a staircase to the Ecumenical Temple.
  1156 | Temple   | Entered the Ecumenical Temple
  1192 | Temple   | Became a worshipper of Ashenzari the Shackled
  1281 | D:5      | Noticed a centaur
  1287 | D:5      | Killed a centaur
  1287 | D:5      | Reached skill level 6 in Stealth
  1401 | D:5      | Reached XP level 6. HP: 39/43 MP: 6/6
  1444 | D:5      | Reached skill level 7 in Stealth
  1515 | D:4      | Noticed an ogre
  1530 | D:4      | Killed an ogre
  1530 | D:4      | Reached skill level 8 in Stealth
  1584 | D:6      | Noticed Natasha
  1714 | D:6      | Noticed a water moccasin
  1741 | D:6      | Killed a water moccasin
  1741 | D:6      | Reached skill level 9 in Stealth
  1741 | D:6      | Reached XP level 7. HP: 10/49 MP: 7/7
  1776 | D:7      | Reached skill level 5 in Short Blades
  1857 | D:6      | Found Rierph's Antique Armour Shoppe.
  1860 | D:6      | Bought a twisted robe for 108 gold pieces
  1871 | D:6      | Identified the cursed -4 robe of Starshine {rC+ SInv} (You bought it in a shop on level 6 of the Dungeon)
  1895 | D:6      | Bought a pair of glowing boots for 85 gold pieces
  2172 | D:6      | Reached skill level 10 in Stealth
  2376 | D:6      | Reached XP level 8. HP: 41/57 MP: 8/8
  2430 | D:6      | Killed Natasha
  2535 | D:7      | Reached skill level 11 in Stealth
  2869 | D:8      | Found a sand-covered staircase.
  2874 | Ossuary  | Entered an ossuary
  2970 | Ossuary  | Reached skill level 12 in Stealth
  3201 | Ossuary  | Reached skill level 1 in Evocations
  3492 | D:6      | Noticed Natasha
  3501 | D:6      | Killed Natasha
  3593 | D:7      | Reached XP level 9. HP: 27/65 MP: 9/11
  3878 | D:7      | Reached skill level 13 in Stealth
  3879 | D:7      | Noticed Pikel
  3919 | D:7      | Killed Pikel
  4111 | D:7      | HP: 2/65 [orc priest/divine providence (15)]
  4157 | D:6      | Noticed Natasha
  4392 | D:8      | Reached skill level 14 in Stealth
  4481 | D:6      | Killed Natasha
  4509 | D:6      | Bought a pitted leather armour for 133 gold pieces
  4520 | D:6      | Identified the +3 leather armour of Hiecym {rN+ Stlth++} (You bought it in a shop on level 6 of the Dungeon)
  4674 | D:9      | Noticed Blork the orc
  4704 | D:9      | Killed Blork the orc
  4760 | D:9      | Found a staircase to the Lair.
  4825 | D:9      | Reached skill level 5 in Fighting
  4825 | D:9      | Reached XP level 10. HP: 22/74 MP: 15/15
  4833 | D:9      | Reached skill level 5 in Dodging
  4916 | D:9      | Noticed an unseen horror
  4950 | D:10     | Entered Level 10 of the Dungeon
  4986 | D:10     | Noticed an unseen horror
  5241 | D:10     | Gained mutation: You tend to lose your temper in combat. [potion of mutation]
  5241 | D:10     | Gained mutation: You possess an exceptional clarity of mind. [potion of mutation]
  5495 | D:10     | Noticed an unseen horror
  5502 | D:10     | Killed an unseen horror
  5766 | D:10     | Killed an unseen horror
  5867 | D:11     | Acquired Ashenzari's first power
  5883 | D:11     | Found a staircase to the Orcish Mines.
  5977 | D:12     | Noticed a green ugly thing
  6150 | D:12     | Found a flagged portal.
  6162 | Bailey   | Entered a bailey
  6169 | Bailey   | Noticed an orc knight
  6220 | Bailey   | Reached skill level 5 in Evocations
  6328 | Bailey   | Killed an orc knight
  6391 | Bailey   | Learned a level 7 spell: Controlled Blink
  6579 | D:13     | Reached skill level 15 in Stealth
  6598 | D:13     | Noticed Urug
  6647 | D:13     | Reached XP level 11. HP: 77/78 MP: 19/19
  6800 | D:13     | Found Otiem's Armour Shop.
  6839 | D:13     | Reached skill level 1 in Translocations
  6921 | D:13     | Noticed a hill giant
  6952 | D:13     | Killed a hill giant
  7018 | D:13     | Killed a green ugly thing
  7018 | D:13     | Reached skill level 10 in Short Blades
  7018 | D:13     | Reached skill level 1 in Spellcasting
  7036 | D:13     | Noticed Erica
  7189 | D:13     | Killed Erica
  7194 | D:13     | Noticed a centaur warrior
  7209 | D:13     | Killed a centaur warrior
  7331 | D:12     | Noticed a hill giant
  7334 | D:12     | Noticed an unseen horror
  7392 | D:13     | Noticed a manticore
  7622 | D:12     | Acquired Ashenzari's second power
  7894 | Orc:1    | Entered Level 1 of the Orcish Mines
  7977 | Orc:1    | Found a deep blue altar of Sif Muna.
  8309 | Orc:2    | Found Vicascharye's Antique Armour Shop.
  8316 | Orc:2    | Bought an embroidered cloak for 126 gold pieces
  8441 | Orc:2    | Found Gryckel's Food Emporium.
  8473 | Orc:2    | Found Dops' Assorted Antiques.
  8486 | Orc:2    | Found Khybus' Magic Scroll Boutique.
  8493 | Orc:2    | Bought a golden ring for 130 gold pieces
  8493 | Orc:2    | Bought a scroll labeled BIDOUXTY LORCHA for 26 gold pieces
  8514 | Orc:2    | Bought a scroll of teleportation for 39 gold pieces
  8556 | Orc:2    | Noticed Maurice
  8561 | Orc:2    | Killed Maurice
  9194 | Orc:3    | Noticed Donald
  9213 | Orc:3    | Killed Donald
  9213 | Orc:3    | Reached XP level 12. HP: 86/86 MP: 21/21
  9268 | Orc:4    | Entered Level 4 of the Orcish Mines
  9268 | Orc:4    | Acquired Ashenzari's third power
  9450 | Orc:4    | Found Kuirghel's Food Emporium.
  9733 | Orc:4    | Reached skill level 1 in Shields
  9846 | Orc:4    | Found Yfakasuf's Weapon Boutique.
  9936 | Orc:4    | Noticed an ogre mage
  9981 | Orc:4    | Found Zaten's Antique Weapon Shop.
 10055 | Orc:4    | Learned a level 5 spell: Phase Shift
 10060 | Orc:4    | Learned a level 4 spell: Control Teleport
 10142 | Orc:4    | Found a staircase to the Elven Halls.
 10187 | Orc:4    | Reached skill level 5 in Translocations
 10293 | Orc:4    | Reached skill level 16 in Stealth
 10468 | Orc:4    | Found Shed's Distillery.
 10478 | Orc:4    | Bought a potion of heal wounds for 39 gold pieces
 10478 | Orc:4    | Bought a potion of heal wounds for 39 gold pieces
 10478 | Orc:4    | Bought a potion of might for 32 gold pieces
 10478 | Orc:4    | Bought a potion of invisibility for 71 gold pieces
 10591 | Orc:4    | Bought the +7 cutlass of Ghuimod {freeze, rPois} for 640 gold pieces
 10639 | Orc:4    | Killed an ogre mage
 11094 | D:10     | Noticed a hill giant
 11102 | D:10     | Killed a hill giant
 11121 | D:9      | Killed an unseen horror
 11173 | D:9      | Learned a level 2 spell: Ensorcelled Hibernation
 11218 | Lair:1   | Entered Level 1 of the Lair of Beasts
 11232 | Lair:1   | Reached XP level 13. HP: 81/93 MP: 23/23
 11387 | Lair:2   | Reached skill level 1 in Hexes
 11580 | Lair:2   | Noticed Prince Ribbit
 11621 | Lair:2   | Killed Prince Ribbit
 11755 | Lair:3   | Found a staircase to the Swamp.
 11912 | Lair:3   | Reached skill level 5 in Hexes
 12072 | Lair:4   | Acquired Ashenzari's fourth power
 12702 | Lair:5   | Learned a level 2 spell: Swiftness
 12777 | Lair:5   | ...
 13000 | Lair:5   | Found a staircase to the Snake Pit.
 13349 | Lair:6   | the was a mimic.
 13585 | Lair:7   | ...
 13736 | Lair:7   | Reached skill level 5 in Spellcasting
 13760 | Lair:8   | Entered Level 8 of the Lair of Beasts
 13875 | Lair:8   | Found a staircase to the Slime Pits.
 14128 | Lair:7   | Reached XP level 14. HP: 75/100 MP: 28/28
 14148 | Lair:7   | Learned a level 6 spell: Invisibility
 15537 | Lair:1   | Reached skill level 17 in Stealth
 15712 | D:13     | Killed a manticore
 15846 | D:14     | Found Plasus' Armour Emporium.
 15859 | D:14     | Bought the +4 helmet of Gallantry {+Inv} for 539 gold pieces
 15988 | D:14     | Found a gate to the Vaults.
 16094 | D:15     | Entered Level 15 of the Dungeon
 16570 | D:15     | Reached skill level 1 in Armour
 16702 | D:15     | Reached skill level 18 in Stealth
 16830 | D:15     | Found a portal to a secret trove of treasure.
 16868 | D:15     | Found a staircase to the Depths.
 16963 | D:15     | bbs!
 17297 | Depths:1 | Entered Level 1 of the Depths
 17353 | Depths:1 | Found Phetom's Demolitions Depot.
 17361 | Depths:1 | Found a gateway to Hell.
 17386 | Depths:1 | Reached skill level 10 in Dodging
 17425 | Depths:1 | Reached XP level 15. HP: 97/105 MP: 25/29
 17578 | Depths:1 | Noticed an emperor scorpion
 17583 | Depths:1 | Noticed an iron dragon
 17584 | Depths:1 | Noticed a lich
 17650 | Depths:1 | Found a gateway to a ziggurat.
 17669 | Depths:1 | Found a one-way gate to the infinite horrors of the Abyss.
 17725 | Depths:1 | Paralysed by a giant eyeball for 4 turns
 17733 | Depths:1 | Paralysed by a giant eyeball for 4 turns
 18051 | Depths:1 | Reached skill level 19 in Stealth
 18304 | Depths:2 | Noticed an octopode crusher
 18439 | Depths:3 | Reached skill level 20 in Stealth
 18595 | Depths:3 | Reached skill level 21 in Stealth
 18983 | Depths:3 | Noticed a lich
 19228 | Depths:4 | Reached skill level 22 in Stealth
 19344 | Depths:2 | Slain by a spriggan air mage

Action                   |  1- 3 |  4- 6 |  7- 9 | 10-12 | 13-15 || total
-------------------------+-------+-------+-------+-------+-------++-------
Melee: Dagger            |    49 |   111 |   379 |   277 |       ||   816
       Long sword        |       |       |    40 |    37 |       ||    77
       Short sword       |       |       |     7 |   707 |       ||   714
       Cutlass           |       |       |       |   159 |  1714 ||  1873
 Fire: Hand crossbow     |     2 |       |       |       |       ||     2
       Blowgun           |       |       |     3 |    19 |       ||    22
 Cast: Phase Shift       |       |       |       |     2 |    22 ||    24
       Ensorcelled Hiber |       |       |       |       |    11 ||    11
       Control Teleport  |       |       |       |       |     4 ||     4
       Swiftness         |       |       |       |       |     1 ||     1
       Invisibility      |       |       |       |       |     8 ||     8
 Abil: Bottle Blood      |       |       |     2 |    15 |     4 ||    21
       Evoke Jump Attack |       |       |       |     2 |       ||     2
       Evoke Teleportati |       |       |       |     4 |     7 ||    11
       Evoke Invisibilit |       |       |       |       |     5 ||     5
       Turn Visible      |       |       |       |       |     4 ||     4
Evoke: Wand              |       |     2 |    14 |    20 |    13 ||    49
  Use: Scroll            |       |     4 |     7 |    23 |    23 ||    57
       Potion            |       |     3 |     6 |    24 |     9 ||    42
 Stab: Sleeping          |     4 |     8 |    39 |    41 |   146 ||   238
       Confused          |       |     1 |     5 |       |     2 ||     8
       Distracted        |       |       |     1 |     9 |     7 ||    17
       Fleeing           |       |       |       |       |     1 ||     1
       Invisible         |       |       |       |       |    17 ||    17
  Eat: Corpse            |    10 |     6 |    17 |    41 |    61 ||   135
